 Dungeon Sprint DCSS version 0.21.1-1-g345015f (webtiles) character file.

3200000 equalderp2856 the Axe Maniac (level 21, -42/224 HPs)
             Began as a Minotaur Gladiator on May 3, 2018.
             Annihilated by a large bag of meat
             ... wielding a +9 giant spiked club
              (72 damage)
             ... in the Dungeon (Sprint VIII: "Arena of Blood").
             The game lasted 00:01:26 (32 turns).

equalderp2856 the Axe Maniac (Minotaur Gladiator)     Turns: 32, Time: 00:01:26

Health: -42/224    AC:  6    Str: 22    XL:     21   Next: 97%
Magic:  18/51      EV: 32    Int:  7    God:
Gold:   0          SH:  0    Dex: 17    Spells: 74/74 levels left

rFire    . . .     SeeInvis .   l - +∞ Axe of Woe
rCold    . . .     Gourm    .   (shield currently unavailable)
rNeg     . . .     Faith    .   b - +0 leather armour
rPois    .         Spirit   .   c - +0 hat
rElec    .         Reflect  .   (no cloak)
rCorr    .         Harm     .   (no gloves)
MR       +....     NoTele   +   (no boots)
Stlth    +++++++++.             (no amulet)
HPRegen  0.47/turn              (no ring)
MPRegen  0.32/turn              (no ring)

@: very slightly contaminated
A: retaliatory headbutt, horns 2
a: no special abilities


You were in the Dungeon.
You were not hungry.

You visited 1 branch

Inventory:

Hand Weapons
 a - a +0 war axe
 l - the +∞ Axe of Woe (weapon)
   (You found it in the Dungeon)
Missiles
 d - 3 throwing nets (quivered)
Armour
 b - a +0 leather armour (worn)
 c - a +0 hat (worn)
Potions
 e - a potion of curing
 g - a potion of heal wounds
 h - a potion of haste
 i - 2 potions of magic
 j - a potion of berserk rage
Comestibles
 f - a ration


   Skills:
 O Level 27 Fighting
 O Level 27 Axes
 O Level 27 Throwing
 O Level 27 Armour
 O Level 27 Dodging
 O Level 27 Stealth
 O Level 27 Unarmed Combat
 O Level 27 Spellcasting


You had 74 spell levels left.
You didn't know any spells.

Dungeon Overview and Level Annotations

Branches:
Dungeon (1/1)

Altars:
Makhleb


Innate Abilities, Weirdness & Mutations

You reflexively headbutt those who attack you in melee.
You have a pair of horns on your head.


Message History

You cut the bag of meat into ribbons!!! You chop the bag of meat into pieces.
You kill the bag of meat!
You have mastered Spellcasting!
You cannot train any new skill.
You slash the bag of meat!
You dissect the bag of meat like a pig carcass.
You kill the bag of meat!
You hit the bag of meat. You chop the bag of meat into pieces.
You kill the bag of meat!
You slash the meat berserker!
You hew the meat berserker savagely.
You kill the meat berserker!
You hear a shout! x6
Unknown command.
You aren't carrying any spellbooks or scrolls.
Unknown command.
You aren't carrying any items that you can evoke.
You hear a shout! x5
The bag of meat is engulfed in blazing flames. x2
You hear a shout! x7
The large bag of meat hits you with a +9 giant spiked club!!!!
You die...

.............##.
...#........#...
.............#...
..##.#..........
......)))....... .
##....#.)...### ...
.......§§.o...#....
......§§§ooO.......
#.....§§§o.@....#
#################


You could see a large bag of meat (inner flame) and 4 bags of meat.

Vanquished Creatures
  A vampire knight (D)
  6 ogres (D)
  2 two-headed ogres (D)
  19 orcs (D)
28 creatures vanquished.

Notes
Turn   | Place    | Note
-------+----------+-------------------------------------------
     0 | D        | Found the +∞ Axe of Woe
     0 | D        | equalderp2856 the Minotaur Gladiator began the quest for the Orb.
     0 | D        | Reached XP level 1. HP: 18/18 MP: 0/0
     3 | D        | Noticed a bag of meat
     5 | D        | Noticed a bag of meat
     6 | D        | Noticed a bag of meat
     6 | D        | Noticed a bag of meat
     7 | D        | Noticed a bag of meat
     7 | D        | Killed a bag of meat
     7 | D        | Reached XP level 2. HP: 41/41 MP: 1/1
     7 | D        | Reached XP level 3. HP: 48/48 MP: 2/2
     7 | D        | Reached XP level 4. HP: 56/56 MP: 3/3
     7 | D        | Reached XP level 5. HP: 62/62 MP: 4/4
     7 | D        | Reached XP level 6. HP: 70/70 MP: 5/5
     7 | D        | Reached XP level 7. HP: 77/77 MP: 6/6
     7 | D        | Reached XP level 8. HP: 83/83 MP: 7/7
     7 | D        | Reached XP level 9. HP: 90/90 MP: 8/8
     7 | D        | Reached XP level 10. HP: 97/97 MP: 9/9
     7 | D        | Reached XP level 11. HP: 104/104 MP: 10/10
     8 | D        | Noticed a bag of meat
     8 | D        | Killed a bag of meat
     8 | D        | Reached XP level 12. HP: 82/116 MP: 11/11
     8 | D        | Killed a bag of meat
     8 | D        | Reached skill level 15 in Fighting
     8 | D        | Reached XP level 13. HP: 89/126 MP: 12/12
     9 | D        | Noticed a bag of meat
     9 | D        | Noticed a bag of meat
     9 | D        | Noticed a bag of meat
     9 | D        | Noticed a bag of meat
     9 | D        | Noticed a bag of meat
     9 | D        | Noticed a bag of meat
     9 | D        | Noticed a large bag of meat
    10 | D        | Noticed a meat berserker
    10 | D        | Killed a bag of meat
    10 | D        | Reached skill level 27 in Axes
    10 | D        | Reached XP level 14. HP: 97/137 MP: 13/13
    11 | D        | Noticed a meat berserker
    11 | D        | Noticed a bag of meat
    11 | D        | Noticed a large bag of meat
    12 | D        | Noticed a bag of meat
    12 | D        | Noticed a bag of meat
    12 | D        | Killed a bag of meat
    12 | D        | Reached skill level 1 in Armour
    13 | D        | Noticed a bag of meat
    14 | D        | Noticed a meat berserker
    14 | D        | Noticed a meat berserker
    14 | D        | Killed a bag of meat
    14 | D        | Reached skill level 27 in Dodging
    14 | D        | Reached XP level 15. HP: 111/155 MP: 14/14
    15 | D        | Reached skill level 5 in Armour
    15 | D        | Reached skill level 27 in Fighting
    15 | D        | Reached XP level 16. HP: 132/183 MP: 15/15
    15 | D        | Reached skill level 10 in Armour
    16 | D        | Noticed a meat berserker
    20 | D        | Noticed a meat berserker
    20 | D        | Killed a meat berserker
    20 | D        | Reached skill level 27 in Throwing
    20 | D        | Reached XP level 17. HP: 139/191 MP: 16/16
    20 | D        | Reached skill level 27 in Armour
    20 | D        | Killed a meat berserker
    20 | D        | Reached skill level 10 in Spellcasting
    20 | D        | Reached XP level 18. HP: 146/200 MP: 16/31
    21 | D        | Noticed a destroyer
    25 | D        | Noticed a large bag of meat
    25 | D        | Killed a meat berserker
    25 | D        | Reached XP level 19. HP: 153/207 MP: 16/36
    25 | D        | Killed a destroyer
    26 | D        | Killed a meat berserker
    27 | D        | Killed a large bag of meat
    27 | D        | Reached skill level 27 in Unarmed Combat
    27 | D        | Reached XP level 20. HP: 146/216 MP: 17/42
    27 | D        | Killed a large bag of meat
    27 | D        | Reached skill level 27 in Stealth
    30 | D        | Killed a meat berserker
    30 | D        | Reached XP level 21. HP: 29/224 MP: 18/49
    31 | D        | Reached skill level 27 in Spellcasting
    32 | D        | Annihilated by a large bag of meat

Skill      XL: |  1  2  3  4  5  6  7  8  9 10 11 12 13 14 15 16 17 18 19 20 21 |
---------------+----------------------------------------------------------------+-----
Fighting       | 12 13 15 16 20 27 | 27.0
Axes           | 20 23 25 27 | 27.0
Throwing       | 9 11 12 13 16 21 27 | 27.0
Dodging        | 18 21 23 24 27 | 27.0
Armour         | 2 6 22 27 | 27.0
Stealth        | 12 17 24 27 | 27.0
Unarmed Combat | 14 20 27 | 27.0
Spellcasting   | 10 14 19 25 27 | 27.0

Action                   |  1- 3 |  4- 6 |  7- 9 | 10-12 | 13-15 | 16-18 | 19-21 || total
-------------------------+-------+-------+-------+-------+-------+-------+-------++-------
Melee: Executioner's axe |     1 |       |       |     1 |     4 |     3 |     4 ||    13
  Use: Scroll            |       |       |       |       |       |     1 |       ||     1
Dodge: Dodged            |       |       |       |       |       |     1 |     1 ||     2
